 Dungeon Crawl Stone Soup version 0.29.0-4-gdea44cf6ec (webtiles) character file.

Game seed: 3051359781440957411

10 qw the Vexing (level 2, 0/27 HPs)
             Began as an Ogre Enchanter on Sept 3, 2022.
             Succumbed to their own poison gas
             ... on level 1 of the Dungeon.
             The game lasted 00:00:29 (1201 turns).

qw the Vexing (Ogre Enchanter)                      Turns: 1201, Time: 00:00:29

Health: 0/27       AC:  3    Str: 11    XL:     2   Next: 20%
Magic:  5/5        EV:  9    Int: 16    God:
Gold:   100        SH:  0    Dex:  9    Spells: 5/5 levels left

rFire   . . .      SeeInvis .   Y - +0 hand axe
rCold   . . .      Faith    .   (no shield)
rNeg    . . .      Spirit   .   b - +0 robe
rPois   .          Reflect  .   (helmet restricted)
rElec   .          Harm     .   (no cloak)
rCorr   .          Rampage  .   (gloves unavailable)
Will    .....                   (boots unavailable)
Stlth   ++........              (no amulet)
HPRegen 0.09/turn               (no ring)
MPRegen 0.09/turn               (no ring)

@: lethally poisoned (0 -> -1), very slow
A: large, unfitting armour, tough skin 1
a: no special abilities


You were on level 1 of the Dungeon.
You visited 1 branch of the dungeon, and saw 1 of its levels.

You collected 100 gold pieces.


Innate Abilities, Weirdness & Mutations

You are too large for most types of armour.
You have tough skin. (AC +1)


   Skills:
 - Level 1.0 Fighting
 - Level 0.8 Short Blades
 + Level 1.5 Axes
 - Level 1.7 Dodging
 - Level 2.1 Stealth
 - Level 2.4 Spellcasting
 - Level 2.6 Hexes


You had 5 spell levels left.
You didn't know any spells.
Your spell library contained the following spells:

 Spells                   Type           Power      Damage    Failure   Level
 Ensorcelled Hibernation  Hex/Ice        12%        N/A       17%         2
 Confusing Touch          Hex            10%        N/A       21%         3
 Tukima's Dance           Hex            10%        N/A       21%         3
 Dazzling Flash           Conj/Hex       12%        N/A       34%         3

Inventory:

Hand Weapons
 e - a +0 club
 Y - a +0 hand axe (weapon)
Armour
 b - a +0 robe (worn)

Dungeon Overview and Level Annotations

Branches:
Dungeon (1/15)

Altars:


Message History

The air fills with toxic fumes!
As you read the scroll labelled FERGHOS PINUEPH, it crumbles to dust.
It was a scroll of poison.
Done exploring.
1191 ||| DROPPING 2 potions of invisibility.
You drop 2 potions of invisibility.
You hear a splash.
Done exploring.
(D) Dungeon
Where to? (* - list waypoints, ? - help)
What level of the Dungeon? (default 1, ? - help) Sorry, I don't know how to get there.
Done exploring.
1192 ||| Stepping randomly (stuck).
Really walk into that cloud of poison gas?
You are engulfed in poison gas.
You are poisoned.
You feel extremely sick.
You see here 7 stones.
1193 ||| Stepping ~*~*~tactically~*~*~ (cloud).
You enter the shallow water.
Moving in this stuff is going to be slow.
You feel very sick.
You see here 2 potions of invisibility.
There is a lethal amount of poison in your body!
You feel sick.
There is a lethal amount of poison in your body!
You feel sick.
There is a lethal amount of poison in your body!
You feel sick.
There is a lethal amount of poison in your body!
You feel sick.
There is a lethal amount of poison in your body!
You feel sick.
There is a lethal amount of poison in your body!
You feel sick.
There is a lethal amount of poison in your body!
You feel sick.
There is a lethal amount of poison in your body!
You die...

####...######~~PPP### ##.#
.....#)# ##PP~P~P~.#########.#
.#.###.# #P~~~~P7~P.¤........##
....##.# #P0P7777P~P########.##b
.......####P0¤7 7~~P# #####
..........¤PPP777770P######## #..
..........¤.0¤0P¤P~00000....# ##.
##..........PPP00¤0P0.0¤....# ##
#......[...###¤@P¤0¤¤00....#####
#........¤¤000.¤0P0..00.........
##........0.######.0000¤...######
#............## #.000.0...# #..P
#..########...# #.¤00¤¤...# ####
...########.#.# #.¤¤¤0¤...#
.#.#P.PP..#.#.# ###########
.#.########.#.### .#.# #.#...#


There were no monsters in sight!

Vanquished Creatures
  A bat (D:1)
  4 kobolds (D:1)
  3 quokkas (D:1)
  A rat (D:1)
9 creatures vanquished.

Notes
Turn   | Place    | Note
-------+----------+-------------------------------------------
     0 | D:1      | qw the Ogre Enchanter began the quest for the Orb.
     0 | D:1      | Reached XP level 1. HP: 16/16 MP: 3/3
     0 | D:1      | 0 ||| qw: Version: 0.1-a-102-g441f92d
     0 | D:1      | 0 ||| qw: Game counter: 5082
     0 | D:1      | 0 ||| qw: Always use a shield: true
     0 | D:1      | 0 ||| qw: God list: Okawaru
     0 | D:1      | 0 ||| qw: Allow faded altars: false
     0 | D:1      | 0 ||| qw: Do Orc after D:15 true
     0 | D:1      | 0 ||| qw: Do second Lair branch before Depths: true
     0 | D:1      | 0 ||| qw: Lair rune preference: random
     0 | D:1      | 0 ||| qw: Plans: Normal
     0 | D:1      | 0 ||| PLANNING D:1-11
   343 | D:1      | 343 ||| SWAPPING to +2 short sword of speed.
   344 | D:1      | 344 ||| DROPPING +1 dagger.
   378 | D:1      | Reached skill level 1 in Axes
   561 | D:1      | Reached skill level 1 in Fighting
   748 | D:1      | Reached XP level 2. HP: 25/27 MP: 5/5
   797 | D:1      | 797 ||| SWAPPING to +0 hand axe.
   798 | D:1      | 798 ||| DROPPING +2 short sword of speed.
  1189 | D:1      | 1189 ||| READING scroll labelled TUG XAKYEGAGH.
  1190 | D:1      | 1190 ||| READING scroll labelled FERGHOS PINUEPH.
  1191 | D:1      | 1191 ||| DROPPING 2 potions of invisibility.
  1192 | D:1      | 1192 ||| Stepping randomly (stuck).
  1193 | D:1      | 1193 ||| Stepping ~*~*~tactically~*~*~ (cloud).
  1195 | D:1      | HP: 6/27 [poisoned by you (poison gas)]
  1199 | D:1      | HP: 2/27 [poisoned by you (poison gas)]
  1201 | D:1      | Succumbed to their own poison gas

Levels and vault maps discovered:
D:1:      dpeg_arrival_rooms_c, layout_rooms, serial_aquarium,
          aquarium_bridge_square [aquarium_subvault_bridge,
          aquarium_subvault_window, aquarium_subvault_bridge,
          aquarium_subvault_window], aquarium_bridge_square
          [aquarium_subvault_bridge, aquarium_subvault_wall,
          aquarium_subvault_bridge, aquarium_subvault_window],
          aquarium_window_fake, aquarium_window_fake, aquarium_window_2,
          aquarium_view_2f, aquarium_balcony_3a, serial_bayou_pond_c

Skill      XL: |  1 |
---------------+----+-----
Axes           | 1 |  1.5
Fighting       | 1 |  1.0
Short Blades   | |  0.8
Dodging        | |  1.7
Stealth        | |  2.1
Spellcasting   | |  2.4
Hexes          | |  2.6

Action                   || total
-------------------------++-------
Melee: Short sword       ||    28
       Dagger            ||    13
       Punch             ||     1
       Hand axe          ||     9
  Use: Scroll            ||     2
Armor: Robe              ||    15
Dodge: Dodged            ||    22

Table legend:
 A = Non-vault XP
 B = Vault XP
 C = Vault XP percentage of total XP
 D = Non-vault monster count
 E = Vault monster count
 F = Vault count percentage of total count
                 A         B        C        D         E       F
            +---------+---------+-------+---------+---------+-------
      Total |      15 |       0 |   0.0 |       9 |       0 |   0.0
            +---------+---------+-------+---------+---------+-------
        D:1 |      15 |       0 |   0.0 |       9 |       0 |   0.0
            +---------+---------+-------+---------+---------+-------
